 Dungeon Crawl Stone Soup version 0.22.1-2-g9c5b331 (webtiles) character file.

439 whitewolfNL the Cudgeler (level 6, -2/82 HPs)
             Began as a Minotaur Berserker on Nov 27, 2018.
             Was a Believer of Trog.
             Slain by a killer bee (4 damage)
             ... on level 4 of the Dungeon.
             The game lasted 00:08:42 (2175 turns).

whitewolfNL the Cudgeler (Minotaur Berserker)       Turns: 2175, Time: 00:08:43

Health: -2/82      AC: 23    Str: 21    XL:     6   Next: 70%
Magic:  5/5        EV:  2    Int:  5    God:    Trog [**....]
Gold:   48         SH:  0    Dex: 11    Spells: 5/5 levels left

rFire    . . .     SeeInvis .   n - +0 flail
rCold    . . .     Gourm    .   (no shield)
rNeg     + + +     Faith    .   (armour currently unavailable)
rPois    +         Spirit   .   (helmet currently unavailable)
rElec    .         Reflect  .   (cloak currently unavailable)
rCorr    .         Harm     .   (gloves currently unavailable)
MR       .....     NoTele   +   (boots currently unavailable)
Stlth    ++........             (no amulet)
HPRegen  0.23/turn              (no ring)
MPRegen  0.09/turn              (no ring)

@: lethally poisoned (-2 -> -3), tree-form (expiring)
A: (retaliatory headbutt)
a: Berserk, Trog's Hand, Renounce Religion


You were on level 4 of the Dungeon.
You worshipped Trog.
Trog was pleased with you.
You were not hungry.
You were a tree.
You visited 1 branch of the dungeon, and saw 3 of its levels.

You collected 48 gold pieces.

Inventory:

Hand Weapons
 b - a +0 mace
 n - a +0 flail (weapon)
Missiles
 f - 17 sling bullets
 h - 79 stones (quivered)
 j - 33 arrows
Armour
 p - a +0 leather armour (melded)
Scrolls
 a - a scroll of remove curse {unknown}
 i - a scroll of teleportation {unknown}
 k - a scroll of blinking {unknown}
 m - a scroll of immolation
Potions
 e - a potion of lignification
Comestibles
 c - 2 rations
 l - 3 chunks of flesh


   Skills:
 + Level 4.9 Fighting
 * Level 6.4 Maces & Flails
 * Level 3.7 Armour
 * Level 3.9 Dodging
 * Level 1.9 Stealth


You had 5 spell levels left.
You didn't know any spells.
Your spell library was empty.

Dungeon Overview and Level Annotations

Branches:
Dungeon (2/15)             Temple (0/1) D:4

Altars:


Innate Abilities, Weirdness & Mutations

((You reflexively headbutt those who attack you in melee.))
((You have a pair of horns on your head.))


Message History

A killer bee comes into view.
As you read the scroll of fog, it crumbles to dust.
The scroll dissolves into smoke.
You feel sick.
A killer bee comes into view.
A killer bee is nearby!
A killer bee is nearby!
A killer bee is nearby!
A killer bee is nearby!
There are no items here.
Your transformation is almost over.
The killer bee buzzes angrily.
A killer bee comes into view. x2
The killer bee stings you but does no damage. x2
You closely miss the killer bee.
You feel sick.
The killer bee stings you but does no damage. x2
You miss the killer bee. The killer bee stings you.
* * * LOW HITPOINT WARNING * * *
The killer bee stings you but does no damage. x3
You barely miss the killer bee. The killer bee stings you.
You die...

#... ....#
#... #y..%#
#...##....#
+y........#
#y.y..y...# .
##...§.....#
..#....§§§§§.#
.......§yy§§.#
.......§§♣§###
##....§§§§+
+..##§§§§# #.
#....# ..
....... .
##.###### #..
###


You could see 2 killer bees.

Vanquished Creatures
  An ogre (D:4)
  A scorpion (D:4)
  A killer bee (D:4)
  An orc priest (D:4)
  An orc wizard (D:4)
  Crazy Yiuf (D:4)
  A hound (D:4)
  An iguana (D:4)
  2 worker ants (D:4)
  An adder (D:4)
  A dart slug (D:1)
  3 leopard geckos (D:1)
  7 orcs (D:4)
  7 bats (D:1)
  A giant cockroach (D:1)
  2 goblins (D:1)
  A hobgoblin (D:1)
  10 jackals (D:4)
  3 kobolds (D:1)
  A quokka (D:4)
  2 ball pythons (D:1)
  A frilled lizard (D:1)
  2 rats (D:1)
  2 bushes (D:1)
54 creatures vanquished.

Vanquished Creatures (others)
  4 toadstools (D:1)
4 creatures vanquished.

Grand Total: 58 creatures vanquished

Notes
Turn   | Place    | Note
-------+----------+-------------------------------------------
     0 | D:1      | whitewolfNL the Minotaur Berserker began the quest for the
                  | Orb.
     0 | D:1      | Reached XP level 1. HP: 19/19 MP: 0/0
    62 | D:1      | Reached XP level 2. HP: 26/27 MP: 1/1
    74 | D:1      | Reached skill level 4 in Maces & Flails
   571 | D:1      | Reached XP level 3. HP: 33/33 MP: 2/2
   929 | D:2      | You fall through a shaft for 2 floors!
   936 | D:4      | Noticed an ogre
   942 | D:4      | Killed an ogre
   942 | D:4      | Reached skill level 5 in Maces & Flails
   942 | D:4      | Reached skill level 1 in Stealth
   942 | D:4      | Reached XP level 4. HP: 40/40 MP: 3/3
   946 | D:4      | Reached ** piety under Trog
  1090 | D:4      | Reached XP level 5. HP: 24/47 MP: 4/4
  1377 | D:4      | Reached XP level 6. HP: 11/53 MP: 5/5
  1758 | D:4      | Found a staircase to the Ecumenical Temple.
  1850 | D:4      | Reached skill level 6 in Maces & Flails
  1967 | D:4      | Found a runed door.
  1972 | D:4      | Noticed Crazy Yiuf
  1974 | D:4      | Killed Crazy Yiuf
  2136 | D:4      | HP: 3/82 [killer bee (5)]
  2169 | D:4      | HP: 4/82 [poisoned by a killer bee]
  2174 | D:4      | HP: 1/82 [killer bee (3)]
  2175 | D:4      | Slain by a killer bee

Skill      XL: |  1  2  3  4  5  6 |
---------------+-------------------+-----
Maces & Flails | 4 5 6 |  6.4
Fighting       | 4 |  4.9
Armour         | 3 |  3.7
Stealth        | 1 |  1.9
Dodging        | 3 |  3.9

Action                   |  1- 3 |  4- 6 || total
-------------------------+-------+-------++-------
Melee: Mace              |   148 |    26 ||   174
       Headbutt          |    44 |     9 ||    53
       Flail             |       |    44 ||    44
Invok: Berserk           |     3 |     4 ||     7
  Use: Scroll            |       |     3 ||     3
       Potion            |       |     2 ||     2
  Eat: Chunk             |     1 |     1 ||     2
       Ration            |     1 |     2 ||     3
Armor: Animal skin       |    12 |     4 ||    16
       Leather armour    |       |    10 ||    10
       Skin              |       |    10 ||    10
Dodge: Dodged            |    26 |    57 ||    83
